Map: New Repugnancy LE

Players

liquidthermy (uThermal)

  • Race: Terran Terran
  • Spawn Location: 1:00

SouLeer - Winner!

  • Race: Zerg Zerg
  • League: Master
  • Spawn Location: 7:00

Event: HomeStory Cup XIX

VOD

Have the link to the VOD?

Description

Time

  • Played on: June 27, 2019, 11:50 a.m.
  • Length: 5:08

All games in this series

Show
View Real Time Build Order
Export as new Build Order

liquidthermy Terran 

Build Orders:  

Get SALT Encoding   

  12  0:01  SCV  
  13  0:13  SCV  
  14  0:20  Supply Depot  
  14  0:25  SCV  
  15  0:42  SCV  
  16  0:43  Barracks  
  16  0:46  Refinery  
  16  0:54  SCV  
  17  1:01  Barracks  
  17  1:06  SCV  
  18  1:18  SCV  
  19  1:30  Orbital Command, Reaper  
  20  1:35  Barracks  
  20  1:40  Refinery  
  20  1:48  Reaper  
  20  1:53  Supply Depot  
  21  1:56  SCV  
  22  2:04  Reaper  
  23  2:14  SCV  
  24  2:20  Reaper  
  25  2:24  Supply Depot  
  25  2:26  Reaper  
  25  2:28  SCV  
  27  2:37  Reaper  
  28  2:42  SCV  
  29  2:52  Reaper  
  29  3:01  Command Center, Reaper  
  29  3:03  SCV  
  30  3:06  Engineering Bay  
  30  3:10  Reaper  
  31  3:15  SCV  
  32  3:24  Reaper  
  34  3:27  SCV  
  34  3:29  Barracks  
  34  3:37  Reaper  
  34  3:39  SCV  
  36  3:45  Barracks  
  36  3:49  Reaper  
  36  3:52  SCV  
  38  3:57  Reaper  
  38  3:59  Refinery  
  39  4:13  Orbital Command, SCV, Reaper  
  39  4:15  Reaper  
  42  4:24  Reaper  
  38  4:25  SCV  
  38  4:29  Reaper  
  37  4:35  Reaper  
  37  4:37  SCV  
  39  4:39  Supply Depot  
  39  4:41  Supply Depot  
Show
View Real Time Build Order
Export as new Build Order

SouLeer Zerg - Winner!

Build Orders: Pool First 

Get SALT Encoding   

  12  0:00  Drone  
  13  0:12  Overlord  
  13  0:17  Drone  
  14  0:24  Extractor  
  14  0:25  Drone  
  14  0:30  Drone  
  15  0:35  Drone  
  16  0:48  Spawning Pool  
  15  0:51  Drone  
  15  0:56  Drone  
  17  1:20  Hatchery  
  16  1:34  Metabolic Boost  
  16  1:36  Zergling x4  
  16  1:38  Zergling x2  
  19  1:47  Queen  
  21  1:54  Overlord  
  21  1:59  Zergling x2  
  22  2:13  Drone  
  23  2:20  Drone  
  24  2:23  Queen  
  26  2:31  Drone  
  26  2:32  Zergling x2  
  27  2:40  Zergling x2  
  28  2:45  Zergling x2  
  28  2:59  Zergling x10  
  33  3:06  Overlord x2  
  33  3:19  Baneling Nest  
  32  3:22  Zergling x4  
  34  3:28  Zergling x2  
  34  3:29  Zergling x2  
  36  3:38  Zergling x8  
  36  3:39  Zergling x2  
  41  3:42  Zergling x2  
  41  3:45  Zergling x2  
  43  3:50  Zergling x2  
  43  3:54  Zergling x2  
  45  4:00  Zergling x2  
  46  4:03  Baneling x4  
  46  4:05  Baneling  
  46  4:09  Zergling x2  
  47  4:12  Baneling  
  47  4:13  Zergling x2  
  47  4:20  Zergling x2  
  47  4:22  Zergling x2  
  45  4:25  Zergling x2  
  45  4:29  Zergling x2  
  46  4:36  Zergling x4  
  44  4:46  Zergling x4  
  44  4:51  Zergling x4  
Tags
 
Add a new tag
Caveats
  • Supply blocks, unpowered buildings, or Contaminate may cause inaccurate times.
  • Supply counts are checked every 10 seconds.